[Event "Reykjavik Open 2022"]
[Site "Reykjavik"]
[Date "2022.04.06"]
[Round "1.43"]
[White "Brunello, Marina"]
[Black "Briem, Stephan"]
[Result "1-0"]
[ECO "C42"]
[WhiteElo "2352"]
[BlackElo "2039"]
[Annotator "ChessBase"]
[PlyCount "173"]
[EventDate "2022.04.06"]
[EventCountry "ISL"]
[SourceTitle "playchess.com"]
[Source "ChessBase"]
[SourceQuality "1"]
[TimeControl "40/5400+30:1800+30"]

1. e4 e5 2. Nf3 Nf6 3. Nxe5 d6 4. Nf3 Nxe4 5. Bd3 d5 6. O-O Be7 7. c3 O-O 8. Bc2 Nd6 9. h3 Bf5 10. d3 Nd7 11. Bf4 h6 12. Nbd2 Ne8 13. Nd4 Bg6 14. N2f3 Bd6 15. Bg3 c5 16. Ne2 Qc7 17. d4 Be4 18. dxc5 Qxc5 19. Nfd4 Ndf6 20. Bb3 Nc7 21. Nf4 Rae8 22. Nd3 Qb6 23. Bxd6 Qxd6 24. Qd2 Ne6 25. Nxe6 fxe6 26. Nf4 Rd8 27. Rad1 Qb6 28. Qd4 Qd6 29. Nd3 Nd7 30. Rfe1 Qc7 31. f3 Bxd3 32. Rxd3 Rf6 33. Rde3 Nf8 34. Bc2 b6 35. Re5 Rc8 36. Bb3 Qc5 37. R5e3 Qc7 38. Qe5 Qc5 39. Qd4 Qc7 40. Kh1 Qg3 41. Qg4 Qd6 42. Re5 Rc7 43. Qa4 Qc6 44. Qxc6 Rxc6 45. Ba4 Rc8 46. Bb5 Kf7 47. R5e3 Rc7 48. g3 g5 49. Kg2 Ng6 50. Bd3 Ne7 51. Rh1 Nf5 52. Ree1 d4 53. cxd4 Nxd4 54. Be4 Rd7 55. Rd1 e5 56. h4 gxh4 57. Rxh4 Rfd6 58. Kf2 Ne6 59. Rxd6 Rxd6 60. Rxh6 Rd8 61. Ke3 Ng7 62. Rc6 Rd7 63. g4 Ke7 64. f4 exf4+ 65. Kxf4 Ne8 66. Ke5 Rd2 67. Rc2 Rd1 68. Rh2 Nf6 69. Bf5 Rg1 70. Kf4 Nd5+ 71. Kf3 Rf1+ 72. Ke2 Rg1 73. Kf2 Rd1 74. Kg3 a5 75. Re2+ Kd6 76. Kh4 Nf4 77. Rc2 Rh1+ 78. Kg5 Nd5 79. Rd2 Re1 80. Bc2 Ke5 81. Bb3 Nf6 82. Rg2 Re4 83. Bc2 Re1 84. Bd3 Ke6 85. Re2+ Rxe2 86. Bxe2 Nd5 87. Bc4 1-0

[Event "Reykjavik Open 2022"]
[Site "Reykjavik"]
[Date "2022.04.06"]
[Round "1.44"]
[White "Kartsev, Nikolay"]
[Black "Cummings, David H."]
[Result "1/2-1/2"]
[ECO "B13"]
[WhiteElo "2036"]
[BlackElo "2327"]
[Annotator "NA"]
[PlyCount "75"]
[EventDate "2022.04.06"]
[EventCountry "ISL"]
[SourceTitle "playchess.com"]
[Source "ChessBase"]
[SourceQuality "1"]
[TimeControl "40/5400+30:1800+30"]

1. e4 c6 2. d4 d5 3. exd5 cxd5 4. c4 Nf6 5. Nc3 Nc6 6. Nf3 Bg4 7. cxd5 Nxd5 8. Qb3 Bxf3 9. gxf3 e6 10. Qxb7 Nxd4 11. Bb5+ Nxb5 12. Qc6+ Ke7 13. Qxb5 Qd7 14. Nxd5+ Qxd5 15. Qxd5 exd5 16. Be3 Ke6 17. O-O-O Bb4 18. a3 Rhc8+ 19. Kb1 Bc5 20. Bd4 Bxd4 21. Rxd4 Rd8 22. Re1+ Kd6 23. Red1 Ke6 24. Re1+ Kd6 25. f4 a5 26. Re5 Kc5 27. Rd3 Ra6 28. Re7 Rf6 29. Rc7+ Kb6 30. Rc2 Rdd6 31. Rb3+ Ka6 32. Rc5 Rxf4 33. Rbb5 d4 34. Rxa5+ Kb7 35. Rab5+ Ka6 36. Ra5+ Kb7 37. Rab5+ Ka6 38. Ra5+ 1/2-1/2

[Event "Reykjavik Open 2022"]
[Site "Reykjavik"]
[Date "2022.04.06"]
[Round "1.45"]
[White "Heimisson, Hilmir Freyr"]
[Black "Collins, Adam"]
[Result "1-0"]
[ECO "D77"]
[WhiteElo "2312"]
[BlackElo "1984"]
[Annotator "NA RC"]
[PlyCount "59"]
[EventDate "2022.04.06"]
[EventCountry "ISL"]
[SourceTitle "playchess.com"]
[Source "ChessBase"]
[SourceQuality "1"]
[TimeControl "40/5400+30:1800+30"]

1. c4 Nf6 2. Nf3 g6 3. d4 Bg7 4. g3 d5 5. Bg2 O-O 6. O-O dxc4 7. Na3 Nc6 8. Nxc4 Be6 9. b3 Bd5 10. Bb2 a5 11. Rc1 a4 12. bxa4 Qb8 13. Ne3 Be4 14. Qb3 e6 15. Ne5 Bxg2 16. Kxg2 Nxe5 17. dxe5 Nd7 18. Ng4 Rd8 19. Nf6+ Nxf6 20. exf6 Bf8 21. Rfd1 b6 22. Rxd8 Qb7+ 23. Qf3 Qxf3+ 24. Kxf3 Rxd8 25. Rxc7 Ra8 26. Bd4 Rxa4 27. Bxb6 Rb4 28. Be3 h6 29. Rc8 g5 30. Rxf8+ 1-0

[Event "Reykjavik Open 2022"]
[Site "Reykjavik"]
[Date "2022.04.06"]
[Round "1.46"]
[White "Ritzka, Simon"]
[Black "Lim, Zhuo Ren"]
[Result "1/2-1/2"]
[ECO "B22"]
[WhiteElo "2038"]
[BlackElo "2317"]
[Annotator "NA RC"]
[PlyCount "79"]
[EventDate "2022.04.06"]
[EventCountry "ISL"]
[SourceTitle "playchess.com"]
[Source "ChessBase"]
[SourceQuality "1"]
[TimeControl "40/5400+30:1800+30"]

1. e4 c5 2. c3 Nf6 3. e5 Nd5 4. Nf3 d6 5. exd6 e6 6. g3 Bxd6 7. Bg2 Nc6 8. d4 cxd4 9. Nxd4 Nxd4 10. Qxd4 O-O 11. O-O Qc7 12. Nd2 Bd7 13. Rd1 Be5 14. Qc4 Bc6 15. Nf3 Bf6 16. Bg5 Nb6 17. Qg4 Bxg5 18. Nxg5 h6 19. Nf3 Rad8 20. b3 a5 21. c4 Nd7 22. Nd4 Bxg2 23. Kxg2 Nc5 24. Qf3 Qe5 25. Nb5 f5 26. Rxd8 Rxd8 27. Rd1 Rxd1 28. Qxd1 Qe4+ 29. f3 Qe3 30. Qd4 Qxd4 31. Nxd4 Kf7 32. Kf2 Kf6 33. Ke3 e5 34. Nb5 g5 35. Nc3 f4+ 36. Ke2 h5 37. Ne4+ Nxe4 38. fxe4 g4 39. a3 Ke6 40. b4 1/2-1/2

[Event "Reykjavik Open 2022"]
[Site "Reykjavik"]
[Date "2022.04.06"]
[Round "1.47"]
[White "Sarkar, Justin"]
[Black "Steiner, Juraj"]
[Result "1-0"]
[ECO "A90"]
[WhiteElo "2314"]
[BlackElo "2027"]
[Annotator "RC"]
[PlyCount "77"]
[EventDate "2022.04.06"]
[EventCountry "ISL"]
[SourceTitle "playchess.com"]
[Source "ChessBase"]
[SourceQuality "1"]
[TimeControl "40/5400+30:1800+30"]

1. d4 e6 2. Nf3 f5 3. g3 Nf6 4. Bg2 d5 5. O-O Bd6 6. c4 c6 7. Qc2 O-O 8. Ne5 Nbd7 9. Nd3 e5 10. cxd5 cxd5 11. dxe5 Nxe5 12. Nf4 Kh8 13. Nxd5 Nxd5 14. Bxd5 Ng6 15. Nc3 f4 16. Be4 Bh3 17. Rd1 fxg3 18. hxg3 Qf6 19. Be3 Bf4 20. Nd5 Qg5 21. Nxf4 Nxf4 22. Kh2 Rae8 23. Bxf4 Rxf4 24. gxf4 Qh4 25. Kg1 Qg4+ 26. Kh2 Qh4 27. Rd4 Qxf2+ 28. Kxh3 Qxd4 29. Rd1 Qe3+ 30. Bf3 Qxf4 31. Qe4 Qh6+ 32. Kg2 Qg5+ 33. Qg4 Qb5 34. Rh1 h6 35. Qd4 Re5 36. Qd8+ Re8 37. Qd4 Re5 38. Rh4 h5 39. Qxe5 1-0

[Event "Reykjavik Open 2022"]
[Site "Reykjavik"]
[Date "2022.04.06"]
[Round "1.48"]
[White "Dietzsch, Herbert"]
[Black "Kolbus, Dietmar"]
[Result "0-1"]
[ECO "B13"]
[WhiteElo "2027"]
[BlackElo "2305"]
[Annotator "TA"]
[PlyCount "242"]
[EventDate "2022.04.06"]
[EventCountry "ISL"]
[SourceTitle "playchess.com"]
[Source "ChessBase"]
[SourceQuality "1"]
[TimeControl "40/5400+30:1800+30"]

1. e4 c6 2. d4 d5 3. exd5 cxd5 4. Bd3 Nf6 5. h3 Nc6 6. c3 g6 7. Nf3 Qc7 8. O-O Bf5 9. Bxf5 gxf5 10. Re1 e6 11. Nbd2 O-O-O 12. Nb3 Ne4 13. Ng5 Bd6 14. Qh5 Rdf8 15. Nxe4 fxe4 16. f3 f5 17. Bh6 Rf6 18. fxe4 dxe4 19. Rad1 Rg8 20. d5 Ne5 21. Kh1 Nd3 22. Rxd3 exd3 23. Rxe6 Rfg6 $2 (23... Rxe6 $19 24. Qxf5 {[#]} Qf7 $3 25. Qxe6+ Qxe6 26. dxe6 Rg6) 24. Qxf5 $17 Qd7 25. g4 Rxh6 (25... a6 $17) 26. Rxh6 $11 Qxf5 27. gxf5 d2 28. Nxd2 Bf4 29. Rxh7 Bxd2 30. f6 Rf8 31. Kg2 (31. f7 $11) 31... Rxf6 $15 32. c4 Be3 33. b4 a5 34. a3 b6 35. Re7 Bd4 36. Kg3 Kd8 37. Ra7 Bc3 38. c5 axb4 39. axb4 Bxb4 40. cxb6 Rxb6 41. Kg4 Be7 42. Kf5 Rb3 43. Ke6 Re3+ 44. Kf7 Bh4 45. d6 Bg3 46. d7 Re4 47. Kf6 Bc7 48. Kf5 Rh4 49. Ra3 Kxd7 $2 (49... Rb4 $11) 50. Rb3 Ke8 51. Kg5 Bd8+ 52. Kg6 Rf4 53. Rd3 Be7 54. Rb3 Rf6+ 55. Kg7 Rc6 56. Rf3 Rc1 57. Kg6 Rg1+ 58. Kf5 Kf7 59. Ke5+ Kg6 60. Kf4 Bd6+ 61. Ke4 Kg5 62. Kd5 Rd1+ 63. Ke4 Rh1 64. Rd3 Be7 65. Rb3 Kh4 66. Kf4 Rf1+ 67. Ke4 Bd6 68. Rd3 Bg3 69. Rd7 Kxh3 70. Rh7+ Kg2 71. Kd5 Rf8 72. Ke4 Re8+ 73. Kd5 Kf3 74. Rf7+ Bf4 75. Rb7 Rd8+ 76. Ke6 Rd6+ 77. Ke7 Ra6 78. Kf7 Kg4 79. Ke7 Kf5 80. Kd7 Be5 81. Ke7 Bd6+ 82. Kd7 Kf6 83. Rb1 Bf4 84. Rd1 Ra7+ 85. Kc6 Ke6 86. Rd3 Rc7+ 87. Kb5 Bd6 88. Rd1 Rc5+ 89. Kb6 Rc4 90. Kb5 Rc5+ 91. Kb6 Kd7 92. Rh1 Rd5 93. Rh7+ Be7 94. Rf7 Kd6 95. Rh7 Bd8+ 96. Kb7 Rb5+ 97. Kc8 Bg5 98. Rd7+ Ke6 99. Rd6+ Ke7 100. Rd7+ Kf8 101. Rd1 Kf7 102. Rd3 Bf4 103. Kd7 Rc5 104. Rf3 Rc7+ 105. Kd8 Rc4 106. Kd7 Kf6 107. Rf1 Kf5 108. Re1 Rc7+ 109. Kd8 Rh7 110. Kc8 Be5 111. Rc1 Ke6 112. Rc2 Bd6 113. Rc1 Kd5 114. Rd1+ Kc6 115. Rc1+ Bc5 116. Rd1 Ra7 117. Kb8 Ra2 118. Rc1 Rh2 119. Rxc5+ Kxc5 120. Kb7 Rh7+ 121. Ka6 Rg7 0-1

[Event "Reykjavik Open 2022"]
[Site "Reykjavik"]
[Date "2022.04.06"]
[Round "1.49"]
[White "Bjornsson, Sigurbjorn"]
[Black "Moerman, Thomas"]
[Result "1-0"]
[ECO "C19"]
[WhiteElo "2315"]
[BlackElo "2010"]
[Annotator "NA RC"]
[PlyCount "59"]
[EventDate "2022.04.06"]
[EventCountry "ISL"]
[SourceTitle "playchess.com"]
[Source "ChessBase"]
[SourceQuality "1"]
[TimeControl "40/5400+30:1800+30"]

1. e4 e6 2. d4 d5 3. Nc3 Bb4 4. e5 c5 5. a3 Bxc3+ 6. bxc3 Ne7 7. Nf3 b6 8. Bb5+ Bd7 9. Bd3 Nbc6 10. O-O Qc7 11. a4 Ng6 12. Re1 Rc8 13. Ba3 Na5 14. Ng5 Qd8 15. Qh5 Qe7 16. Ba6 Rc7 17. dxc5 bxc5 18. Rab1 Nc6 19. c4 d4 20. Ne4 Nd8 21. Nd6+ Kf8 22. Rb8 Be8 23. Reb1 f5 24. Qe2 Qg5 25. Bb5 Bxb5 26. R1xb5 Nh4 27. f4 Qe7 28. Bxc5 Rxc5 29. Rxc5 g5 30. Rxd8+ 1-0

[Event "Reykjavik Open 2022"]
[Site "Reykjavik"]
[Date "2022.04.06"]
[Round "1.50"]
[White "White, Nigel"]
[Black "Soham Das"]
[Result "0-1"]
[ECO "B12"]
[WhiteElo "1997"]
[BlackElo "2330"]
[Annotator "RC"]
[PlyCount "72"]
[EventDate "2022.04.06"]
[EventCountry "ISL"]
[SourceTitle "playchess.com"]
[Source "ChessBase"]
[SourceQuality "1"]
[TimeControl "40/5400+30:1800+30"]

1. e4 c6 2. d4 d5 3. e5 c5 4. Nf3 Nc6 5. c4 cxd4 6. Nxd4 e6 7. Nxc6 bxc6 8. Nc3 Bb4 9. Qa4 a5 10. Be3 Ne7 11. Be2 O-O 12. a3 Bxc3+ 13. bxc3 Qc7 14. f4 Ba6 15. O-O c5 16. Rf2 Rfb8 17. Bf1 h6 18. Re1 Rb7 19. Bd2 dxc4 20. Bxc4 Bxc4 21. Qxc4 Rd8 22. Bc1 Qc6 23. g4 Qd5 24. Qa4 Rbd7 25. Qxa5 Qc4 26. Be3 Rd1 27. Rff1 R1d5 28. h3 Ng6 29. a4 Nh4 30. Rf2 Qe4 31. c4 Rd1 32. Bd2 Rxe1+ 33. Bxe1 Rd1 34. Kf1 Qd3+ 35. Re2 Qxh3+ 36. Kf2 Qf3+ 0-1

[Event "Reykjavik Open 2022"]
[Site "Reykjavik"]
[Date "2022.04.06"]
[Round "1.51"]
[White "Minko, Dmitry"]
[Black "Balzer, Lars"]
[Result "1-0"]
[ECO "B13"]
[WhiteElo "2298"]
[BlackElo "2018"]
[Annotator "RC"]
[PlyCount "75"]
[EventDate "2022.04.06"]
[EventCountry "ISL"]
[SourceTitle "playchess.com"]
[Source "ChessBase"]
[SourceQuality "1"]
[TimeControl "40/5400+30:1800+30"]

1. e4 c6 2. d4 d5 3. exd5 cxd5 4. Bd3 Nc6 5. c3 g6 6. h3 Bg7 7. Nf3 Bf5 8. Be2 Bxb1 9. Rxb1 e6 10. O-O Nge7 11. Re1 O-O 12. Bf1 a6 13. Bf4 Nf5 14. Qd2 Nd6 15. Bd3 Na5 16. Ne5 Rc8 17. Ng4 Nac4 18. Qc1 b5 19. Bg5 Qc7 20. Bf6 Ne8 21. Bxg7 Kxg7 22. Qh6+ Kg8 23. h4 f5 24. Bxc4 bxc4 25. Ne5 Nf6 26. Re2 Rb8 27. Rbe1 Rb6 28. f3 Qg7 29. Qg5 Rfb8 30. b3 cxb3 31. axb3 Rc8 32. Nd3 Rxc3 33. Nc5 Ne4 34. Qd8+ Kf7 35. Qd7+ Kg8 36. Qe8+ Qf8 37. Qxf8+ Kxf8 38. Nd7+ 1-0

[Event "Reykjavik Open 2022"]
[Site "Reykjavik"]
[Date "2022.04.06"]
[Round "1.52"]
[White "Magnusson, Magnus"]
[Black "De Wachter, Matthias"]
[Result "0-1"]
[ECO "B10"]
[WhiteElo "2014"]
[BlackElo "2322"]
[Annotator "NA RC"]
[PlyCount "64"]
[EventDate "2022.04.06"]
[EventCountry "ISL"]
[SourceTitle "playchess.com"]
[Source "ChessBase"]
[SourceQuality "1"]
[TimeControl "40/5400+30:1800+30"]

1. e4 c6 2. d3 d5 3. Nd2 e5 4. Ngf3 Bd6 5. g3 Nf6 6. Bg2 O-O 7. O-O Re8 8. c4 dxe4 9. dxe4 a5 10. b3 a4 11. Bb2 Nbd7 12. Qc2 Bc5 13. Bc3 axb3 14. axb3 Rxa1 15. Bxa1 Qb6 16. Nb1 Bb4 17. Nc3 Nc5 18. Na4 Nxa4 19. bxa4 Nd7 20. Nh4 f6 21. Rb1 Qc5 22. Qb3 Ba5 23. Nf5 Nb6 24. Ne3 Be6 25. Bf1 Nd7 26. Qd3 Qa7 27. Nf5 Bb6 28. a5 Bxf2+ 29. Kg2 Bc5 30. Bc3 Bf8 31. Nd6 Nc5 32. Qd1 Rd8 0-1

[Event "Reykjavik Open 2022"]
[Site "Reykjavik"]
[Date "2022.04.06"]
[Round "1.53"]
[White "Large, Peter G"]
[Black "Manukonda Arun"]
[Result "1-0"]
[ECO "A06"]
[WhiteElo "2335"]
[BlackElo "1939"]
[Annotator "RC"]
[PlyCount "73"]
[EventDate "2022.04.06"]
[EventCountry "ISL"]
[SourceTitle "playchess.com"]
[Source "ChessBase"]
[SourceQuality "1"]
[TimeControl "40/5400+30:1800+30"]

1. Nf3 d5 2. b3 Nc6 3. Bb2 Bf5 4. e3 Nb4 5. d3 c5 6. Nbd2 e6 7. e4 Bg6 8. Ne5 Nf6 9. a3 Nc6 10. Nxc6 bxc6 11. e5 Nd7 12. h4 h6 13. h5 Bh7 14. Qg4 Rg8 15. g3 g6 16. Bh3 gxh5 17. Qxh5 Rg5 18. Qe2 Qa5 19. O-O Rb8 20. Nf3 Rg8 21. Kh2 Qd8 22. Bc1 Bg7 23. Bf4 Nf8 24. Qe3 Qe7 25. Bxh6 Bxh6 26. Qxh6 Kd7 27. b4 Kc7 28. Qh4 Qd7 29. bxc5 Bf5 30. Bxf5 exf5 31. Qa4 Rh8+ 32. Kg2 Ng6 33. Rab1 Rxb1 34. Rxb1 Kd8 35. Rb8+ Ke7 36. Rxh8 Nxh8 37. Qh4+ 1-0

[Event "Reykjavik Open 2022"]
[Site "Reykjavik"]
[Date "2022.04.06"]
[Round "1.54"]
[White "Olesen, Poul Erik Norgaard"]
[Black "Berdnyk, Mariia"]
[Result "0-1"]
[ECO "B73"]
[WhiteElo "1981"]
[BlackElo "2287"]
[Annotator "NA RC"]
[PlyCount "82"]
[EventDate "2022.04.06"]
[EventCountry "ISL"]
[SourceTitle "playchess.com"]
[Source "ChessBase"]
[SourceQuality "1"]
[TimeControl "40/5400+30:1800+30"]

1. e4 c5 2. Nf3 d6 3. d4 cxd4 4. Nxd4 Nf6 5. Nc3 g6 6. Be2 Bg7 7. Be3 Nc6 8. O-O O-O 9. f4 Qb6 10. Qd3 Qxb2 11. a3 Nxe4 12. Na4 Qxd4 13. Bxd4 Bxd4+ 14. Kh1 Bf5 15. Qd1 e5 16. c3 Be3 17. g4 Bd7 18. f5 Nf2+ 19. Rxf2 Bxf2 20. Qf1 Be3 21. Qh3 Bg5 22. Nb2 Ne7 23. Rf1 Bc6+ 24. Bf3 e4 25. Bg2 Nd5 26. Nd1 Nf4 27. Rxf4 Bxf4 28. Ne3 d5 29. g5 Bxg5 30. Ng4 Bd7 31. fxg6 hxg6 32. Nh6+ Bxh6 33. Qxd7 Rad8 34. Qh3 Bd2 35. c4 e3 36. Bf1 Rfe8 37. Qg4 d4 38. Bd3 Kg7 39. h4 Re5 40. Qf4 Rc5 41. Kg2 Bc3 0-1

[Event "Reykjavik Open 2022"]
[Site "Reykjavik"]
[Date "2022.04.06"]
[Round "1.55"]
[White "Burlacu, Bogdan"]
[Black "Carlsson, Gustav"]
[Result "1-0"]
[ECO "A08"]
[WhiteElo "2294"]
[BlackElo "1996"]
[Annotator "RC"]
[PlyCount "79"]
[EventDate "2022.04.06"]
[EventCountry "ISL"]
[SourceTitle "playchess.com"]
[Source "ChessBase"]
[SourceQuality "1"]
[TimeControl "40/5400+30:1800+30"]

1. e4 e6 2. d3 d5 3. Nd2 Nf6 4. Ngf3 c5 5. g3 Nc6 6. Bg2 Be7 7. O-O dxe4 8. dxe4 e5 9. c3 O-O 10. Qc2 Qc7 11. a4 Na5 12. b3 b6 13. Re1 Ba6 14. Rb1 Rad8 15. Bf1 Bxf1 16. Nxf1 Rd7 17. Ne3 g6 18. Nd2 a6 19. Nec4 Nxc4 20. bxc4 h5 21. Nf1 h4 22. Ne3 hxg3 23. hxg3 Kg7 24. Kg2 Rh8 25. Bd2 Rd6 26. Rh1 Rxh1 27. Rxh1 Qd7 28. Nd5 Nxd5 29. cxd5 b5 30. axb5 axb5 31. Be3 Ra6 32. Qb2 b4 33. cxb4 cxb4 34. Qxe5+ f6 35. Qb8 Qd8 36. Qb7 Ra5 37. Rc1 Kf7 38. Rc8 Qd6 39. Bf4 Qa6 40. Qd7 1-0

[Event "Reykjavik Open 2022"]
[Site "Reykjavik"]
[Date "2022.04.06"]
[Round "1.56"]
[White "Jaivardhan Raj"]
[Black "Doluhanova, Evgeniya"]
[Result "0-1"]
[ECO "C45"]
[WhiteElo "2006"]
[BlackElo "2255"]
[Annotator "RC"]
[PlyCount "126"]
[EventDate "2022.04.06"]
[EventCountry "ISL"]
[SourceTitle "playchess.com"]
[Source "ChessBase"]
[SourceQuality "1"]
[TimeControl "40/5400+30:1800+30"]

1. e4 e5 2. Nf3 Nc6 3. d4 exd4 4. Nxd4 Nxd4 5. Qxd4 Qf6 6. e5 Qb6 7. Qxb6 axb6 8. Nc3 Bb4 9. Bd2 Ne7 10. a3 O-O 11. O-O-O Bc5 12. Ne4 Ng6 13. f4 Be7 14. g3 f5 15. Nc3 c6 16. Be3 b5 17. Kb1 Re8 18. Bh3 b4 19. axb4 Bxb4 20. Na2 Bf8 21. Bxf5 Nxe5 22. Bc1 Nc4 23. Rhe1 Rxe1 24. Rxe1 g6 25. Bh3 d5 26. Re8 Nd6 27. Rd8 Kf7 28. Bxc8 Rxc8 29. Rxc8 Nxc8 30. Be3 Ke6 31. g4 c5 32. c3 Bd6 33. h3 Nb6 34. b3 Nd7 35. Nc1 h5 36. Kc2 hxg4 37. hxg4 Nf6 38. f5+ gxf5 39. gxf5+ Kxf5 40. Kd3 Ng4 41. Ne2 b5 42. b4 Ne5+ 43. Kc2 cxb4 44. Nd4+ Ke4 45. Bf2 Bc5 46. Nxb5 Bxf2 47. Nd6+ Kf3 48. cxb4 Ke2 49. b5 d4 50. Ne4 d3+ 51. Kc3 Be1+ 52. Kd4 Nf3+ 53. Kd5 Ng5 54. b6 Nxe4 55. b7 Bg3 56. Kxe4 d2 57. b8=Q Bxb8 58. Kf5 d1=Q 59. Ke6 Qd3 60. Kf6 Qd5 61. Ke7 Qf5 62. Kd8 Qf7 63. Kc8 Qc7# 0-1

[Event "Reykjavik Open 2022"]
[Site "Reykjavik"]
[Date "2022.04.06"]
[Round "1.57"]
[White "Thorhallsson, Simon"]
[Black "George Samir, David"]
[Result "0-1"]
[ECO "C55"]
[WhiteElo "2245"]
[BlackElo "2032"]
[Annotator "RC"]
[PlyCount "102"]
[EventDate "2022.04.06"]
[EventCountry "ISL"]
[SourceTitle "playchess.com"]
[Source "ChessBase"]
[SourceQuality "1"]
[TimeControl "40/5400+30:1800+30"]

1. e4 e5 2. Nf3 Nc6 3. Bc4 Nf6 4. d3 h6 5. c3 d6 6. a4 g5 7. Qb3 Qd7 8. a5 a6 9. Nbd2 Nd8 10. Nf1 Ne6 11. Ne3 Nf4 12. g3 Ng6 13. h4 g4 14. Nh2 h5 15. Nhf1 Bh6 16. Nd5 Nxd5 17. Bxd5 Bxc1 18. Rxc1 c6 19. Bc4 f5 20. Nd2 f4 21. Ke2 Kf8 22. Rcf1 Kg7 23. Kd1 Rd8 24. Qc2 d5 25. Ba2 Qc7 26. b4 b6 27. axb6 Qxb6 28. exd5 cxd5 29. Nb3 d4 30. cxd4 Bb7 31. Nc5 Bxh1 32. Rxh1 Rxd4 33. Qb3 Qxb4 34. Ne6+ Kh6 35. Nxd4 Qxd4 36. Qd5 Qa1+ 37. Kc2 Rc8+ 38. Bc4 Qa2+ 39. Kc3 Qxf2 40. Ra1 fxg3 41. Rxa6 Qd4+ 42. Kd2 Qxd5 43. Bxd5 Kg7 44. Ra7+ Kh8 45. Be4 Rf8 46. Ra1 Nxh4 47. Rh1 Nf3+ 48. Bxf3 gxf3 49. Rxh5+ Kg7 50. Rg5+ Kh6 51. Rxg3 f2 0-1

[Event "Reykjavik Open 2022"]
[Site "Reykjavik"]
[Date "2022.04.07"]
[Round "2.1"]
[White "Korley, Kassa"]
[Black "Idani, Pouya"]
[Result "1/2-1/2"]
[ECO "E64"]
[WhiteElo "2399"]
[BlackElo "2621"]
[Annotator "RC"]
[PlyCount "62"]
[EventDate "2022.04.06"]
[EventCountry "ISL"]
[SourceTitle "playchess.com"]
[Source "ChessBase"]
[SourceQuality "1"]
[TimeControl "40/5400+30:1800+30"]

1. d4 Nf6 2. c4 g6 3. g3 Bg7 4. Bg2 O-O 5. Nc3 d6 6. Nf3 c5 7. d5 e6 8. O-O Re8 9. dxe6 Bxe6 10. Ng5 Bxc4 11. Bxb7 Nbd7 12. Bxa8 Qxa8 13. Qxd6 h6 14. Nf3 Bxe2 15. Nxe2 Qxf3 16. Nc3 Qb7 17. Qd1 Ne5 18. f4 Nc4 19. Qf3 Qd7 20. Rd1 Qf5 21. Qd3 Ng4 22. Qxf5 gxf5 23. h3 Bd4+ 24. Kg2 Nge3+ 25. Bxe3 Nxe3+ 26. Kf3 Nxd1 27. Rxd1 Re3+ 28. Kg2 a5 29. Rc1 h5 30. Rc2 h4 31. gxh4 Bxc3 1/2-1/2

[Event "Reykjavik Open 2022"]
[Site "Reykjavik"]
[Date "2022.04.07"]
[Round "2.2"]
[White "Gukesh D"]
[Black "Fantinel, Thibault"]
[Result "1-0"]
[ECO "E94"]
[WhiteElo "2614"]
[BlackElo "2376"]
[Annotator "ChessBase"]
[PlyCount "71"]
[EventDate "2022.04.06"]
[EventCountry "ISL"]
[SourceTitle "playchess.com"]
[Source "ChessBase"]
[SourceQuality "1"]
[TimeControl "40/5400+30:1800+30"]

1. d4 Nf6 2. Nf3 g6 3. c4 Bg7 4. Nc3 O-O 5. e4 d6 6. Be2 e5 7. O-O Bg4 8. d5 a5 9. Be3 Na6 10. Nd2 Bd7 11. a3 h5 12. f3 Nh7 13. Rb1 f5 14. b4 axb4 15. axb4 b6 16. Qb3 Bf6 17. c5 bxc5 18. Bxa6 Rxa6 19. bxc5 Bg5 20. Bxg5 Nxg5 21. c6 Bc8 22. Qb8 h4 23. exf5 gxf5 24. f4 exf4 25. Qb4 h3 26. Qxf4 hxg2 27. Kxg2 Qf6 28. Kh1 Nh7 29. Rg1+ Kh8 30. Nb5 Qf7 31. Qd4+ Nf6 32. Nc3 Ra5 33. Rb4 Rc5 34. Nf3 Qh5 35. Ng5 f4 36. Rb8 1-0

[Event "Reykjavik Open 2022"]
[Site "Reykjavik"]
[Date "2022.04.07"]
[Round "2.3"]
[White "Sukandar, Irine Kharisma"]
[Black "Niemann, Hans Moke"]
[Result "0-1"]
[ECO "B23"]
[WhiteElo "2378"]
[BlackElo "2642"]
[Annotator "TA"]
[PlyCount "74"]
[EventDate "2022.04.06"]
[EventCountry "ISL"]
[SourceTitle "playchess.com"]
[Source "ChessBase"]
[SourceQuality "1"]
[TimeControl "40/5400+30:1800+30"]

1. e4 c5 2. Nc3 Nc6 3. Bb5 g6 4. Bxc6 bxc6 5. d3 Bg7 6. Be3 Rb8 7. Nge2 d5 8. exd5 cxd5 9. Bxc5 d4 10. Ne4 f5 11. N4g3 Qd5 12. b4 Qxg2 13. Qd2 Qd5 14. Bxa7 Ra8 15. Bc5 e5 16. c4 Qc6 17. f4 Bh6 18. Rf1 Nf6 19. Qb2 Rb8 20. Ba7 ({Reject} 20. fxe5 Qxc5 $1 21. exf6 (21. bxc5 Rxb2 22. exf6 Bd2+ 23. Kf2 Be3+ 24. Kg2 Kf7 $17) 21... Rxb4 22. Qxd4 Qxd4 $17) 20... Rb7 21. fxe5 Ng4 (21... Rxa7 $11 {remains equal.} 22. b5 (22. exf6 Qxf6 23. Qxd4 Qxd4 $11) (22. Nxd4 Qa6 $15) 22... Qa8 23. exf6 O-O) 22. Bxd4 $16 Nxh2 (22... O-O $16) 23. b5 $18 Qg2 $2 (23... Nf3+ {was necessary.} 24. Kf2 Nxd4) 24. Rf2 $18 Qh3 25. c5 (25. Qa3 $142 Bf8 26. c5) 25... Ng4 {[%emt 0:02:49] [#]} (25... O-O $142) 26. c6 $1 $18 Re7 {[%emt 0:02:02] [#]} 27. b6 $1 O-O 28. Qb3+ Be6 29. Qb4 Ree8 30. b7 Qh4 $2 (30... f4 {is more resistant.} 31. Ne4 f3) 31. c7 $2 ({Better is} 31. Qd6 $18 Ne3 32. Rc1) 31... Nxf2 $17 32. Kxf2 $2 (32. Rd1 $17 Nxd1 33. b8=Q) 32... f4 $19 33. Rg1 fxg3+ 34. Ke1 g2+ $1 35. Kd1 Qg4 36. b8=Q Rf1+ (36... Rxb8 $2 37. cxb8=Q Rxb8 38. Qxb8+ $18) 37. Qe1 Qxe2+ 0-1

[Event "Reykjavik Open 2022"]
[Site "Reykjavik"]
[Date "2022.04.07"]
[Round "2.4"]
[White "Adhiban, B.."]
[Black "Rosen, Eric"]
[Result "1-0"]
[ECO "C10"]
[WhiteElo "2648"]
[BlackElo "2356"]
[Annotator "RC"]
[PlyCount "97"]
[EventDate "2022.04.06"]
[EventCountry "ISL"]
[SourceTitle "playchess.com"]
[Source "ChessBase"]
[SourceQuality "1"]
[TimeControl "40/5400+30:1800+30"]

1. e4 c5 2. c3 d5 3. exd5 Qxd5 4. d4 Nf6 5. Nf3 e6 6. Na3 Nc6 7. Be3 cxd4 8. Nb5 Qd8 9. Nbxd4 Nxd4 10. Bxd4 Qd5 11. Qb3 Qe4+ 12. Be2 Be7 13. Nd2 Qxg2 14. Bf3 Qg5 15. Bxb7 Bxb7 16. Qxb7 Qd5 17. Qxd5 Nxd5 18. Bxg7 Rg8 19. Be5 f6 20. Bg3 Rc8 21. O-O-O Rg4 22. Rhe1 Kf7 23. Re4 h5 24. f3 Rxe4 25. fxe4 Ne3 26. Re1 Bc5 27. Re2 a5 28. Bf2 Ng2 29. Bg3 Ne3 30. Nb3 Nc4 31. Nxc5 Rxc5 32. b3 Nb6 33. Kc2 Nc8 34. c4 e5 35. Rd2 Ke6 36. Rd5 Rxd5 37. cxd5+ Kd6 38. Be1 Kc5 39. Kd3 Nd6 40. Bxa5 f5 41. b4+ Kb5 42. exf5 Nxf5 43. Ke4 Nh6 44. Kxe5 Ng4+ 45. Ke6 Nxh2 46. d6 Nf3 47. d7 Nd4+ 48. Kd5 Nc6 49. a4+ 1-0

[Event "Reykjavik Open 2022"]
[Site "Reykjavik"]
[Date "2022.04.07"]
[Round "2.5"]
[White "Song, Julien"]
[Black "Sadhwani, Raunak"]
[Result "1/2-1/2"]
[ECO "A88"]
[WhiteElo "2352"]
[BlackElo "2616"]
[Annotator "RC"]
[PlyCount "113"]
[EventDate "2022.04.06"]
[EventCountry "ISL"]
[SourceTitle "playchess.com"]
[Source "ChessBase"]
[SourceQuality "1"]
[TimeControl "40/5400+30:1800+30"]

1. d4 f5 2. g3 Nf6 3. Bg2 g6 4. Nf3 Bg7 5. O-O O-O 6. c4 d6 7. Nc3 c6 8. Qc2 Na6 9. Rb1 Nc7 10. b4 Be6 11. Nd2 f4 12. Rb3 fxg3 13. hxg3 Qd7 14. b5 Bh3 15. bxc6 bxc6 16. Nf3 Bxg2 17. Kxg2 Ne6 18. Ne4 Rac8 19. Nxf6+ exf6 20. e3 f5 21. Bd2 Rce8 22. Rfb1 Nd8 23. Ba5 Re7 24. Bxd8 Qxd8 25. Rb7 Qe8 26. Qa4 Ref7 27. Rxf7 Rxf7 28. Ng5 Re7 29. Qb4 c5 30. dxc5 Qc6+ 31. Kg1 dxc5 32. Qb8+ Bf8 33. Qb5 Qxb5 34. Rxb5 h6 35. Nf3 Rc7 36. Ne5 Kg7 37. a4 Kf6 38. Nd3 Bd6 39. Kg2 Rc6 40. Kf3 g5 41. e4 h5 42. Ke3 h4 43. gxh4 gxh4 44. f4 fxe4 45. Kxe4 Ke6 46. Rb7 Ra6 47. Rh7 Rxa4 48. Rh6+ Ke7 49. Kd5 Ra3 50. Nxc5 Bxc5 51. Kxc5 h3 52. Kb4 Rf3 53. Kb5 Rb3+ 54. Ka4 Rf3 55. Kb5 Rb3+ 56. Ka4 Rf3 57. Kb5 1/2-1/2